Map: Orbital Shipyard

Players

aSim (iAsonu) - Winner!

  • Race: Zerg Zerg
  • League: Grandmaster

State

  • Race: Protoss Protoss
  • League: Grandmaster

VOD

Have the link to the VOD?

Description

Time

  • Played on: Nov. 25, 2015, 12:08 a.m.
  • Length: 12:31
Show
View Real Time Build Order
Export as new Build Order

aSim Zerg - Winner!

Build Orders: Hatch First, Lurkers 

Get SALT Encoding   

  12  0:01  Drone  
  13  0:12  Overlord  
  13  0:18  Drone  
  14  0:31  Drone x2  
  17  0:35  Drone  
  17  0:52  Hatchery  
  17  0:54  Drone  
  17  1:07  Spawning Pool  
  17  1:11  Drone  
  17  1:13  Drone  
  18  1:33  Hatchery  
  18  1:36  Drone  
  18  1:39  Drone  
  19  1:42  Drone  
  20  1:50  Overlord  
  20  1:58  Queen  
  22  2:06  Queen  
  24  2:11  Drone  
  24  2:12  Drone  
  24  2:14  Drone  
  27  2:18  Drone  
  28  2:27  Zergling x2  
  28  2:28  Drone  
  30  2:35  Overlord  
  30  2:37  Drone  
  30  2:43  Drone  
  32  2:46  Queen  
  32  2:47  Drone x2  
  36  2:55  Drone  
  37  2:58  Drone  
  37  2:59  Drone  
  37  3:02  Extractor  
  37  3:03  Extractor  
  37  3:06  Drone  
  37  3:07  Queen  
  40  3:13  Drone x5  
  40  3:16  Drone  
  40  3:17  Drone  
  40  3:19  Overlord  
  47  3:24  Drone  
  48  3:32  Drone  
  49  3:35  Drone  
  49  3:39  Drone  
  51  3:42  Overlord  
  51  3:44  Drone  
  51  3:46  Drone x2  
  54  3:52  Drone x2  
  54  3:54  Drone  
  56  3:55  Lair  
  56  3:56  Overlord  
  56  3:58  Drone  
  56  4:02  Drone  
  58  4:04  Drone  
  58  4:07  Drone x3  
  58  4:08  Drone  
  58  4:09  Drone  
  64  4:10  Drone  
  65  4:18  Overlord  
  65  4:19  Metabolic Boost  
  65  4:20  Drone  
  65  4:21  Drone x6  
  65  4:22  Roach Warren, Drone  
  65  4:23  Evolution Chamber, Drone  
  72  4:25  Extractor  
  72  4:26  Drone, Extractor  
  72  4:31  Drone x2  
  73  4:35  Drone  
  74  4:41  Drone, Extractor  
  74  4:42  Extractor  
  73  4:53  Overlord  
  73  4:54  Zerg Melee Weapons Level 1  
  73  4:56  Drone x2, Hydralisk Den  
  73  4:59  Drone  
  75  5:00  Drone  
  75  5:03  Hatchery  
  75  5:06  Drone  
  76  5:07  Drone  
  76  5:10  Hatchery  
  76  5:12  Overlord  
  76  5:28  Overseer  
  76  5:30  Lurker Den  
  76  5:31  Hydralisk x7  
  76  5:33  Zergling x2  
  76  5:34  Zergling x14  
  98  5:41  Overseer  
  98  5:46  Overlord  
  98  5:47  Overlord x2  
  98  5:56  Overlord  
  98  5:57  Overlord  
  98  6:00  Overlord x3  
  98  6:06  Pneumatized Carapace  
  98  6:08  Hydralisk x7, Extractor  
  98  6:09  Extractor  
  110  6:14  Overlord  
  110  6:15  Drone x2  
  110  6:17  Drone x3  
  116  6:18  Drone  
  116  6:22  Drone x2  
  116  6:24  Hydralisk  
  116  6:25  Hydralisk  
  122  6:31  Hydralisk x2  
  122  6:40  Hydralisk x6  
  134  6:51  Zerg Missile Weapons Level 1, Hydralisk x4  
  142  6:58  Overlord  
  144  7:01  Lurker x2  
  144  7:04  Lurker  
  144  7:06  Zergling x12  
  144  7:07  Zergling x6  
  154  7:16  Lurker x2  
  156  7:23  Hydralisk x4  
  163  7:32  Zergling x20  
  162  7:38  Hydralisk  
  162  7:39  Zergling x2  
  162  7:40  Zergling x2  
  154  7:48  Hydralisk  
  154  7:49  Hydralisk x7  
  160  7:57  Hydralisk x4  
  150  8:01  Zergling x6  
  136  8:10  Hydralisk x4  
  135  8:17  Muscular Augments  
  135  8:22  Lurker x2  
  135  8:26  Lurker  
  138  8:30  Lurker  
  138  8:31  Zergling x22  
  138  8:32  Zergling x2  
  151  8:41  Lurker  
  151  8:42  Lurker x2  
  151  8:43  Zergling x18  
  163  8:54  Hydralisk x5  
  173  9:00  Zergling x2  
  173  9:01  Zergling x12  
  180  9:04  Zerg Melee Weapons Level 2  
  154  9:24  Zergling x2  
  154  9:25  Zergling x34  
  149  9:39  Zergling x2  
  149  9:40  Zergling x18  
  149  9:44  Hydralisk  
  149  9:45  Hydralisk  
  140  9:53  Hydralisk x5  
  140  9:55  Overseer  
  150  10:01  Overseer  
  150  10:05  Spore Crawler  
  150  10:06  Spore Crawler  
  148  10:07  Spore Crawler  
  148  10:09  Drone  
  148  10:15  Spine Crawler  
  148  10:17  Spine Crawler  
  148  10:19  Lurker x3  
  148  10:21  Zergling x18  
  158  10:54  Spine Crawler  
  156  11:08  Overlord x2  
  156  11:10  Hydralisk x9  
  168  11:28  Hydralisk x6  
  167  11:34  Zergling x16  
  167  11:36  Zergling x2  
  167  11:37  Zergling x2  
  167  11:39  Hydralisk x4  
  156  11:45  Hydralisk x6  
  160  11:47  Hydralisk x2  
  160  11:48  Hydralisk  
  160  11:50  Lurker  
  160  11:51  Zergling x2  
  160  11:52  Zergling x2  
  167  11:58  Zergling x8  
  167  12:00  Hydralisk  
  163  12:02  Zergling x2  
  163  12:03  Zergling x2  
  163  12:06  Hydralisk  
  164  12:09  Zergling x2  
  164  12:10  Zergling x2  
  164  12:11  Zergling x2  
  168  12:23  Lurker x7  
  175  12:30  Lurker x2  
  175  12:31  Lurker  
Show
View Real Time Build Order
Export as new Build Order

State Protoss 

Build Orders: Nexus First 

Get SALT Encoding   

  12  0:01  Probe (Chrono Boost)  
  13  0:13  Probe (Chrono Boost)  
  14  0:18  Pylon  
  14  0:24  Probe (Chrono Boost)  
  15  0:37  Probe (Chrono Boost)  
  16  0:47  Probe (Chrono Boost)  
  17  1:00  Nexus  
  17  1:03  Probe (Chrono Boost)  
  18  1:14  Probe (Chrono Boost)  
  19  1:24  Probe (Chrono Boost)  
  20  1:36  Nexus  
  20  1:39  Probe (Chrono Boost)  
  21  1:49  Gateway  
  21  1:51  Probe (Chrono Boost)  
  22  2:01  Forge  
  22  2:04  Probe (Chrono Boost)  
  23  2:11  Pylon  
  23  2:13  Probe (Chrono Boost)  
  24  2:16  Probe (Chrono Boost)  
  25  2:24  Probe (Chrono Boost)  
  25  2:27  Probe (Chrono Boost)  
  27  2:34  Probe (Chrono Boost)  
  27  2:35  Photon Cannon  
  28  2:38  Probe (Chrono Boost)  
  29  2:45  Probe (Chrono Boost)  
  29  2:47  Zealot  
  29  2:48  Probe (Chrono Boost)  
  29  2:50  Probe (Chrono Boost)  
  34  2:52  Photon Cannon  
  34  2:55  Probe (Chrono Boost)  
  35  2:58  Assimilator  
  35  3:00  Probe (Chrono Boost)  
  35  3:01  Probe (Chrono Boost)  
  35  3:03  Assimilator  
  37  3:06  Probe (Chrono Boost)  
  37  3:10  Probe (Chrono Boost)  
  37  3:11  Probe (Chrono Boost)  
  40  3:17  Cybernetics Core  
  40  3:18  Probe (Chrono Boost)  
  41  3:21  Probe (Chrono Boost)  
  41  3:22  Probe (Chrono Boost)  
  41  3:27  Photon Cannon  
  42  3:29  Probe (Chrono Boost)  
  42  3:31  Probe (Chrono Boost)  
  42  3:32  Probe (Chrono Boost)  
  45  3:39  Probe (Chrono Boost)  
  46  3:42  Probe (Chrono Boost)  
  46  3:43  Probe (Chrono Boost)  
  47  3:50  Probe (Chrono Boost)  
  47  3:51  Warp Gate (Chrono Boost)  
  47  3:52  Probe (Chrono Boost)  
  47  3:53  Probe (Chrono Boost)  
  50  4:00  Probe (Chrono Boost), Assimilator  
  50  4:01  Sentry  
  53  4:02  Assimilator  
  53  4:03  Probe x2 (Chrono Boost)  
  53  4:09  Probe  
  55  4:13  Probe  
  55  4:14  Probe, Pylon, Gateway  
  55  4:15  Gateway  
  58  4:19  Probe  
  58  4:20  Robotics Facility  
  58  4:23  Probe  
  59  4:26  Probe  
  59  4:30  Probe  
  61  4:34  Probe  
  63  4:38  Probe  
  63  4:39  Pylon  
  63  4:41  Probe  
  63  4:43  Gateway x2  
  63  4:44  Probe  
  65  4:50  Probe  
  65  4:52  Probe  
  67  4:56  Mothership Core  
  67  4:58  Stargate  
  70  5:00  Stargate  
  70  5:03  Gateway  
  70  5:07  Warp Prism (Chrono Boost)  
  70  5:08  Probe  
  70  5:10  Probe  
  70  5:12  Assimilator  
  70  5:13  Pylon x2, Assimilator  
  74  5:15  Pylon  
  76  5:26  Probe  
  74  5:33  Protoss Ground Weapons Level 1 (Chrono Boost)  
  74  5:40  Gateway x2  
  74  5:42  Gateway x2  
  74  5:43  Gateway, Phoenix x2 (Chrono Boost), Twilight Council  
  74  5:47  Immortal  
  82  5:54  Probe x2  
  82  5:56  Pylon x2  
  84  5:58  Pylon  
  84  6:02  Phoenix x2 (Chrono Boost)  
  88  6:12  Adept x4  
  96  6:26  Immortal  
  96  6:32  Adept x5  
  112  6:34  Adept  
  112  6:36  Adept x6  
  112  6:38  Resonating Glaives  
  112  6:40  Oracle  
  108  6:53  Robotics Facility  
  105  6:55  Robotics Bay  
  105  7:00  Adept x3  
  111  7:04  Nexus  
  111  7:06  Pylon  
  111  7:08  Pylon  
  111  7:10  Adept x2  
  111  7:11  Pylon  
  111  7:12  Pylon  
  111  7:15  Adept x3  
  118  7:31  Adept x6  
  118  7:41  Observer  
  118  7:43  Observer  
  110  7:44  Adept x4  
  110  7:48  Adept  
  111  7:51  Adept  
  111  7:52  Adept x3  
  111  7:55  Adept x2  
  111  8:00  Phoenix x2  
  106  8:18  Adept x8  
  122  8:23  Phoenix  
  122  8:24  Phoenix  
  124  8:32  Probe x2  
  128  8:43  Adept  
  132  8:50  Probe x3  
  132  8:51  Probe, Disruptor (Chrono Boost)  
  132  8:52  Disruptor (Chrono Boost)  
  140  8:56  Adept  
  140  9:00  Probe  
  140  9:01  Protoss Ground Weapons Level 2 (Chrono Boost)  
  140  9:02  Probe  
  144  9:16  Adept x5  
  145  9:22  Adept x6  
  139  9:29  Probe  
  111  9:36  Adept x5  
  111  9:42  Adept  
  111  9:43  Adept x3  
  97  9:47  Disruptor x2  
  97  9:48  Adept x2  
  91  10:01  Adept x3  
  91  10:02  Adept  
  99  10:10  Adept x3  
  99  10:12  Probe  
  106  10:17  Phoenix x2  
  110  10:22  Warp Prism  
  110  10:25  Observer  
  110  10:28  Probe  
  114  10:37  Adept x4  
  122  10:43  Zealot  
  124  10:55  Nexus  
  124  10:58  Pylon  
  124  11:08  Pylon x2  
  124  11:10  Pylon  
  130  11:19  Adept  
  130  11:21  Adept x4  
  131  11:27  Adept x2  
  127  11:38  Adept x3  
  113  11:40  Adept  
  105  11:47  Adept x2  
  105  11:50  Adept  
  105  11:54  Adept  
  95  12:07  Adept  
  85  12:23  Adept x2  
Tags
 
Add a new tag
Caveats
  • Supply blocks, unpowered buildings, or Contaminate may cause inaccurate times.
  • Supply counts are checked every 10 seconds.